Cogmind - Beta 17 @@@ ROGUE MODE // 2026.07.14 @ 19:42:45 Player: rz Result: Destroyed by P-60 Hacker with Shock Rifle Performance ------------- Evolutions (0) 0 Regions Visited (3) 600 Robots Destroyed (7) 35 Value Destroyed (145) 145 Prototype IDs (23) 460 Alien Tech Used (0) 0 Bonus (300) 300 TOTAL SCORE: 1540 Bonus ------- Aligned with FarCom 300 Cogmind --------- Core Integrity 0/250 Matter 253/300 Energy 99/100 System Corruption 0% Temperature Cool (0) Movement Core (50) Location -10/Exiles Parts ------- > --- POWER (1) -------- (None) > --- PROPULSION (2) --- (None) > --- UTILITY (2) ------ (None) > --- WEAPON (2) ------- (None) > --- INVENTORY (5) ---- Light Ion Engine Light Treads Light Treads Cloak of Protection Light Assault Rifle Peak State ------------ > --- POWER ------------ Ion Engine > --- PROPULSION ------- Aluminum Leg Carbon-fiber Leg > --- UTILITY ---------- Small Storage Unit > --- WEAPON ----------- EM Pulse Gun Medium Laser > --- INVENTORY -------- Light Ion Engine Light Treads Light Treads Cloak of Protection Light Assault Rifle Light Assault Rifle [Rating: 9] Favorites ----------- Power Light Ion Engine Engine Light Ion Engine Propulsion Light Treads Treads Light Treads Leg Aluminum Leg Utility Small Storage Unit Storage Small Storage Unit Weapon Medium Laser Energy Gun Medium Laser Build | -11 -10 -10 -10 ------- Run | Yrd Mat Min Exi Slots Evolved . | . . . . Power . | . . . . Propulsion . | . . . . Utility . | . . . . Weapon . | . . . . Parts Attached 10 | 6 . . 4 Power 2 | 1 . . 1 Engine 2 | 1 . . 1 Core . | . . . . Reactor . | . . . . Propulsion 5 | 2 . . 3 Treads 2 | 2 . . . Leg 3 | . . . 3 Wheel . | . . . . Hover . | . . . . Flight . | . . . . Utility 1 | 1 . . . Device . | . . . . Storage 1 | 1 . . . Processor . | . . . . Hackware . | . . . . Protection . | . . . . Artifact . | . . . . Weapon 2 | 2 . . . Energy Gun 2 | 2 . . . Energy Cannon . | . . . . Ballistic Gun . | . . . . Ballistic Cannon . | . . . . Launcher . | . . . . Special Weapon . | . . . . Impact Weapon . | . . . . Slashing Weapon . | . . . . Piercing Weapon . | . . . . Special Melee Weapon . | . . . . Unidentified Prototypes . | . . . . Parts Lost 4 | . . . 4 Power 2 | . . . 2 Propulsion . | . . . . Utility . | . . . . Weapon 2 | . . . 2 Highest Loss Streak 3 | . . . 3 To Critical Strikes . | . . . . Average Backups 2 | . 1 1 4 Power 1 | . 1 1 1 Propulsion . | . . . . Utility . | . . . . Weapon . | . . . 2 Tool/Special . | . . . . Unused Backups 4 | . . . 4 Power 1 | . . . 1 Propulsion . | . . . . Utility 1 | . . . 1 Weapon 2 | . . . 2 Tool/Special . | . . . . Average Slot Usage (%) 84 | . 85 85 84 Engine 14 | . 14 14 14 Treads 27 | . 28 28 26 Storage 14 | . 14 14 14 Energy Gun 27 | . 28 28 27 Peak Build Rating 9 | 6 6 6 9 Average Rating 6 | 4 6 6 6 On Entrance 4 | . 6 6 6 Avg Prop Armor Cover (%) . | . . . . Naked Turns 1 | . . . 1 Heaviest Build 14 | 12 12 12 14 Greatest Support 40 | 40 40 40 40 Greatest Overweight (x) . | . . . . Average Overweight (x) . | . . . . Largest Inventory Capacity 8 | 8 8 8 8 Average Capacity 7 | 7 8 8 7 Most Carried 8 | 1 1 4 8 Average Carried 2 | . 1 1 4 Final Capacity 8 | 8 8 8 5 Final Carried 5 | 1 1 4 5 Class Distribution -------------------- 100% | Mutant Dominant Class ---------------- Mutant | -10/Materials Mutant | -10/Mines Mutant | -10/Exiles Resources | -11 -10 -10 -10 ----------- Run | Yrd Mat Min Exi Matter Collected 233 | 115 16 91 11 Remotely . | . . . . Salvage Created 172 | . 16 55 101 Parts 15 | . 1 6 8 Haulers Intercepted . | . . . . Recyclers Shooed . | . . . . Parts Field Recycled . | . . . . Retrieved Matter . | . . . . Parts Self-Destructed . | . . . . Prevented . | . . . . Parts Restored . | . . . . Kills | -11 -10 -10 -10 ------- Run | Yrd Mat Min Exi Combat Hostiles Destroyed 6 | . . 3 3 Guns 6 | . . 3 3 Classes Destroyed 4 | . 1 1 2 Operator 1 | . 1 . . Swarmer 4 | . . 3 1 Grunt 1 | . . . 1 Hunter 1 | . . . 1 Best Kill Streak 3 | . 1 3 3 Combat Bots Only 3 | . . 3 3 Max Kills in Single Turn 1 | . 1 1 1 Gunslinging . | . . . . Exploded . | . . . . Melee . | . . . . Uniques/NPCs Destroyed . | . . . . Combat | -11 -10 -10 -10 -------- Run | Yrd Mat Min Exi Hostile Shots Fired 96 | . 1 9 86 Missed 38 | . 1 3 34 Hits 58 | . . 6 52 Projectile 58 | . . 6 52 AOE 4 | . . . 4 Critical Strikes 1 | . . . 1 Damage Taken 906 | . . 47 859 Core 252 | . . 7 245 Absorbed by Shields . | . . . . Core Remaining (%) 100 | 100 . . . Volleys Fired 13 | . 1 5 7 Largest 2 | . 2 2 2 Hottest 90 | . 90 90 90 Shots Fired 26 | . 2 10 14 Gun 26 | . 2 10 14 Cannon . | . . . . Launcher . | . . . . Special . | . . . . Kinetic . | . . . . Thermal 13 | . 1 5 7 Explosive . | . . . . Electromagnetic 13 | . 1 5 7 Robot Hit Streak 6 | . 1 2 6 Robot Miss Streak 3 | . 1 3 1 Penetration Max . | . . . . Secondary Targets . | . . . . Shots Hit Robots 16 | . 1 4 11 Core Hits 10 | . 1 3 6 Critical Kills . | . . . . Critical Parts Destroyed . | . . . . Critical Strikes 1 | . . . 1 Burn 1 | . . . 1 Melee Attacks . | . . . . Impact . | . . . . Slashing . | . . . . Piercing . | . . . . Sneak Attacks . | . . . . Combat Hostiles . | . . . . Follow-up Attacks . | . . . . Damage Inflicted 198 | . 16 45 137 Guns 198 | . 16 45 137 Cannons . | . . . . Explosions . | . . . . Melee . | . . . . Ramming . | . . . . Kinetic . | . . . . Thermal 74 | . . 13 61 Explosive . | . . . . Electromagnetic 124 | . 16 32 76 Impact . | . . . . Slashing . | . . . . Piercing . | . . . . Highest Corruption . | . . . . Average Corruption . | . . . . Corruption Purged . | . . . . Corruption Blocked . | . . . . Overload Shots . | . . . . Overflow Damage . | . . . . Projectiles . | . . . . Explosions . | . . . . Melee . | . . . . Knockbacks . | . . . . Impact . | . . . . Kinetic . | . . . . Secondary . | . . . . Self-Inflicted Damage . | . . . . Shots . | . . . . Rammed . | . . . . Targets Rammed . | . . . . Kicked . | . . . . Crushed . | . . . . Highest Temperature 185 | . 30 112 185 Average Temperature 68 | . 18 62 78 Received Heat Transfer 78 | . . . 78 Siege Activations . | . . . . Martial Activations . | . . . . Shielding Activations . | . . . . Robots Disrupted . | . . . . Combat Hostiles . | . . . . Robots Corrupted . | . . . . Combat Hostiles . | . . . . Parts Fried . | . . . . Impact Corruptions . | . . . . Robots Melted . | . . . . Combat Hostiles . | . . . . Parts Melted 1 | . . 1 . Heat Transferred 296 | . . 37 259 Parts Sabotaged . | . . . . Parts Stolen . | . . . . Parts Stripped . | . . . . Power Chain Reactions . | . . . . Alert | -11 -10 -10 -10 ------- Run | Yrd Mat Min Exi Maximum Alert Level . | . . . . Low Security (%) 100 | 100 100 100 . Level 1 . | . . . . Level 2 . | . . . . Level 3 . | . . . . Level 4 . | . . . . Level 5 . | . . . . High Security . | . . . . Max Security . | . . . . Peak Influence 70 | . 5 70 . Initial . | . . . . Average 5 | . . 9 . Influence Increases 135 | . 5 70 60 Destroy 0b10 Robot/C 120 | . . 60 60 Destroy 0b10 Robot/NC 5 | . 5 . . Destroy Leader 10 | . . 10 . Influence Decreases 135 | . 5 30 100 Entered New Map 40 | . . . 40 Time Decay 65 | . 5 30 30 Lost Part 30 | . . . 30 Squads Dispatched . | . . . . Investigation . | . . . . Extermination . | . . . . Reinforcement . | . . . . Assault . | . . . . Garrison . | . . . . Intercept . | . . . . Searches Triggered . | . . . . Construction Impeded . | . . . . Haulers Reinforced . | . . . . Active Scanning Responses . | . . . . Cargo Convoy Interrupts . | . . . . Stealth | -11 -10 -10 -10 --------- Run | Yrd Mat Min Exi Distress Signals . | . . . . Communications Jammed . | . . . . Distress Signals . | . . . . Times Spotted 36 | . 3 3 30 Peak Tracking Total 24 | . 2 3 24 Tactical Retreats . | . . . . Traps | -11 -10 -10 -10 ------- Run | Yrd Mat Min Exi Traps Triggered . | . . . . Indirectly . | . . . . Trap Hack Attempts . | . . . . Triggered . | . . . . Disarmed . | . . . . Reprogrammed . | . . . . Reused . | . . . . Traps Extracted . | . . . . Installed . | . . . . Triggered . | . . . . Machines | -11 -10 -10 -10 ---------- Run | Yrd Mat Min Exi Machines Disabled . | . . . . Max in Single Turn . | . . . . Machines Repaired . | . . . . Machines Dismantled . | . . . . Machines Sabotaged . | . . . . Overloaded Fab Kills . | . . . . Hacking | -11 -10 -10 -10 --------- Run | Yrd Mat Min Exi Machines Accessed 1 | . . . 1 Terminals . | . . . . Fabricators . | . . . . Repair Stations . | . . . . Recycling Units . | . . . . Scanalyzers . | . . . . Garrison Access . | . . . . Total Hacks 1 | . . . 1 Successful 1 | . . . 1 Failed . | . . . . Catastrophic . | . . . . Database Lockouts . | . . . . Manual 1 | . . . 1 Terminals . | . . . . Fabricators . | . . . . Repair Stations . | . . . . Recycling Units . | . . . . Scanalyzers . | . . . . Garrison Access . | . . . . Terminal Hacks 1 | . . . 1 Proto ID Catalog 1 | . . . 1 Fabricator Hacks . | . . . . Repair Station Hacks . | . . . . Recycling Unit Hacks . | . . . . Scanalyzer . | . . . . Garrison Access Hacks . | . . . . Unauthorized Hacks . | . . . . Terminals . | . . . . Fabricators . | . . . . Repair Stations . | . . . . Recycling Units . | . . . . Scanalyzers . | . . . . Garrison Access . | . . . . Data Cores Recovered 1 | . 1 . . Used . | . . . . Hacking Detections . | . . . . Full Trace Events . | . . . . Feedback Events . | . . . . Feedback Blocked . | . . . . Robot Schematics Acquired . | . . . . Robots Built . | . . . . Authchips . | . . . . Time . | . . . . Total Robot Build Rating . | . . . . Part Schematics Acquired . | . . . . Parts Built . | . . . . Authchips . | . . . . Time . | . . . . Total Part Build Rating . | . . . . Part Studies Acquired . | . . . . Parts Repaired . | . . . . Time . | . . . . Parts Recycled . | . . . . Recycled Matter . | . . . . Retrieved Matter . | . . . . Retrieved Components . | . . . . Parts Scanalyzed . | . . . . Part Schematics Acquired . | . . . . Parts Damaged . | . . . . Bothacking | -11 -10 -10 -10 ------------ Run | Yrd Mat Min Exi Used RIF Installer . | . . . . Robots Hacked . | . . . . Non-combat . | . . . . Combat . | . . . . Robot Hacks Applied . | . . . . Relay Couplers Released . | . . . . Fabnet Peak Effective % . | . . . . Robots Rewired . | . . . . Allies Hacked . | . . . . Hacks Repelled . | . . . . Allies | -11 -10 -10 -10 -------- Run | Yrd Mat Min Exi Total Allies . | . . . . Largest Group . | . . . . Highest-Rated Group . | . . . . Highest-Rated Ally . | . . . . Total Orders . | . . . . Ally Attacks . | . . . . Total Damage . | . . . . Kills . | . . . . Allies Corrupted . | . . . . Allies Melted . | . . . . Intel | -11 -10 -10 -10 ------- Run | Yrd Mat Min Exi Active Infowar (turns) . | . . . . Robot Analysis Total . | . . . . Derelict Logs Recovered 2 | . . 2 . Drone Launches . | . . . . Drone Recoveries . | . . . . Exploration | -11 -10 -10 -10 ------------- Run | Yrd Mat Min Exi Turns Passed 966 | 60 175 370 361 Spaces Moved 575 | 35 108 221 211 Core 6 | 4 . . 2 Treads 553 | 31 108 221 193 Legs 16 | . . . 16 Wheels . | . . . . Hover . | . . . . Flight . | . . . . Fastest Speed 50 | 50 160 160 50 Average Speed 157 | 147 160 160 155 Slowest Speed 160 | 160 160 160 160 Overloaded Moves . | . . . . Propulsion Burnouts . | . . . . Robots Hopped . | . . . . Potential Cave-ins . | . . . . Cave-ins Triggered . | . . . . Exploration Rate (%) 27 | 4 15 51 41 Regions Visited 3 Branch Regions 2 Pre-discovered Areas 2 | . . 2 . Known Exits Taken . | . . . . Unknown Exits Taken 3 | 1 1 1 . Scrap Searched 1 | . . 1 . Spaces Dug . | . . . . Terrain Destroyed . | . . . . Melee . | . . . . Projectile . | . . . . AOE . | . . . . Terrain Rammed . | . . . . Walls Destroyed . | . . . . Machines Disabled . | . . . . Actions | -11 -10 -10 -10 --------- Run | Yrd Mat Min Exi Total 605 | 41 108 228 228 Wait . | . . . . Move 572 | 34 107 220 211 Hop . | . . . . Pick Up 9 | 1 . 3 5 Fast Attach 6 | 6 . . . Attach 1 | . . . 1 Detach . | . . . . Swap 3 | . . . 3 Drop 1 | . . . 1 Fire 13 | . 1 5 7 Melee . | . . . . Ram . | . . . . Kick . | . . . . Crush . | . . . . Escape Stasis . | . . . . Rewire . | . . . . Trap . | . . . . Miscellaneous . | . . . . Route ------- -11/Scrapyard -10/Materials -10/Mines -10/Exiles (discovered 1 exit: [*Min]) History --------- Turn | Location | Event 16 | -11/Scrapyard | Discovered new exit (range 16) 61 | -11/Scrapyard | Entered Materials 61 | -10/Materials | Discovered new exit (range 15) 236 | -10/Materials | Entered Mines 309 | -10/Mines | Build established: Mutant 597 | -10/Mines | Deemed a non-threat by the Exiles lab entrance 598 | -10/Mines | Discovered new exit (range 5) 606 | -10/Mines | Entered Exiles 643 | -10/Exiles | Met 8R-AWN 674 | -10/Exiles | Met EX-HEX 715 | -10/Exiles | Met EX-BIN 738 | -10/Exiles | Aligned with FarCom system 739 | -10/Exiles | Given EX-Vault access code 776 | -10/Exiles | Opened EX-Vault 789 | -10/Exiles | Found Cloak of Protection 820 | -10/Exiles | Warned to stay clear of 0b10 Research branches 842 | -10/Exiles | Exiles lab attacked by MAIN.C 948 | -10/Exiles | Core integrity fell below 50% 955 | -10/Exiles | Lost 5 allies 966 | -10/Exiles | Released all parts (3) 967 | -10/Exiles | Core integrity fell below 20% 967 | -10/Exiles | Discovered new exit (range 15) 967 | -10/Exiles | Destroyed by P-60 Hacker with Shock Rifle Last Messages --------------- 00933_ G-34 Mercenary destroyed. 00937_ Acquired Carbon-fiber Leg. 00939_ G-34 Mercenary destroyed. 00939_ Acquired Aluminum Leg. 00941_ Penetrated by Slug. 00944_ Acquired Aluminum Leg. 00947_ Penetrated by Slug. 00949_ Dropped Aluminum Leg. 00953_ Penetrated by Slug. 00956_ Slug penetrates Wall. 00956_ Med. Laser destroyed. 00958_ EM Pulse Gun destroyed. 00961_ P-60 Hacker resets P-60 Hacker, system corruption cleaned. 00963_ Penetrated by Slug. 00966_ Ion Engine destroyed. 00966_ Released Carbon-fiber Leg. 00966_ Released Sml. Storage Unit. 00966_ Released Aluminum Leg. 00967_ EXIT=FOUND Map ----- +----------------------------------------------------+ | ?????????????????????????????????????????????????? | | ?????????????????????????????????????????????????? | | ?????????????????????????????????????????????????? | | ?????????????????????????????????????????????????? | | ?????????????????????????????????????????????????? | | ?????????????????????????????????????????????????? | | ?????????????????????????????????????????????????? | | ?????????????????????????????????????????????????? | | ?????????????????????????????????????????????????? | | ?????????????????????????????????????????????????? | | ?????????????????????????????????????????????????? | | ?????????????????????????????????????????????????? | | ??????????????????????????????hg ????????????????? | | ????????????????????????????? #???????????????? | | ?????????????????????????????ggg ????????????????? | | ????????????????????????????#b #????????????????? | | ???????????????????????????# ##???????????????? | | ??????????????????????????? gg #???????????????? | | ??????#####???????????????#hhg #???????????????? | | ?????##" #??????????????##p ????????????????? | | ?????#" #?????????????## hg #?????????????????? | | ????##" ##????????????#p #?????????????????? | | #####!* [ ###?????###### g #??????????????????? | | [=[% #######;;;ph #??????????????????? | | =%% *! # ; p[b #???????????????????? | | # *!!% [= = @ ##??????????????????? | | =%*## =! #??????????????????? | | % #### ==[ ##?????????????????? | | %! "#?#"""""##;; = ###???????????????? | | ##?############# * ###?????????????? | | ###??????????????##### ##????????????? | | ##????????????????????### #????????????? | | # #???????????????????????### #????????????? | | ###?????????????????????????### #????????????? | | ?????????????????????????????#" ##???????????? | | ?????????????????????????????#### ###?????????? | | ????????????????????????????????# ##????????? | | ????????????????????????????????## ###??????? | | ?????????????????????????????????### #??????? | | ???????????????????????????????????# ##??????? | | ???????????????????????????????????## ##???????? | | ????????????????????????????????????#####????????? | | ?????????????????????????????????????????????????? | | ?????????????????????????????????????????????????? | | ?????????????????????????????????????????????????? | | ?????????????????????????????????????????????????? | | ?????????????????????????????????????????????????? | | ?????????????????????????????????????????????????? | | ?????????????????????????????????????????????????? | | ?????????????????????????????????????????????????? | +----------------------------------------------------+ Best States ------------- Heat Dissipation 25 Energy Generation 10 Energy Capacity 250 Matter Stores 273 Matter Capacity 300 Sight Range 16 Terrain Scan Density 10 Evasion (%) 55 Recoil Reduction 2 Item Schematics ----------------- None Robot Schematics ------------------ None Fabricated ------------ Nothing Repaired ---------- Nothing Studied --------- None Alien Tech Used ----------------- None Achievements -------------- None Challenges ------------ None Game ------ Seed UltimateXenonMultitool Manual? 0 Play Time 00:05:25 Cumulative 87.6 hours Start 2026.07.14 @ 19:37:42 End 2026.07.14 @ 19:42:45 Sessions 1 Manual Loads 0 Difficulty Rogue Special Mode None Game No. 100 Rogue 46 Adventurer 54 Explorer 0 Win Type - Total 2 Types 2/0/0/0/0/0/0/0/0/0 Lore% 40 Gallery% 45 Achievement% 42 Wizard Run 0 Options --------- Layout 1 ASCII 0 Keyboard 0 Movement Mouse Keybinds 1 Fullscreen 1 Font 32/Tamsyn Map View 50x35 Zoom Use 0% Tactical HUD 1 Map Filters NONE Filters NONE Steam 1 RUN: a427f57a-5ebe-46dd-81f8-22a8c479797c